 Dungeon Crawl Stone Soup version 0.31.0-4-g52a2dc7128 (webtiles) character file.

Game seed: 1555478196753122835

86 Xavori the Trooper (level 4, 0/35 HPs)
             Began as a Djinni Chaos Knight on Jan 22, 2024.
             Was a Plaything of Xom.
             Slain by a gnoll
             ... wielding a +0 flail
              (10 damage)
             ... on level 4 of the Dungeon.
             The game lasted 00:01:35 (7659 turns).

Xavori the Trooper (Djinni Chaos Knight)            Turns: 7659, Time: 00:01:36

Health: 0/35       AC:  7    Str: 11    XL:     4   Next: 78%
Gold:   38         EV: 12    Int: 13    God:    Xom [......] SH:  0 Dex: 15

rFire   + + .        a - +0 falchion (chaos)
rCold   x x .        (no shield)
rNeg    . . .        b - +2 leather armour
rPois   ∞            (helmet restricted)
rElec   .            (no cloak)
rCorr   .            (no gloves)
SInv    .            (boots unavailable)
Will    +....        (no amulet)
Stlth   +            (no ring)
HPRegen 0.25/turn    (no ring)
MPRegen 0.00/turn

%: infuse magic (-1 HP)
@: confused, flying
A: sickness immunity, fire resistance 2, cold vulnerability 2, float, innate
caster, HP casting, extra vitality 1, beak, iridescent scales 1, strong-willed
1, passive freeze, subdued magic 2, MP-powered wands
a: Renounce Religion


You were on level 4 of the Dungeon.
You worshipped Xom.
You were a very special plaything of Xom.
You visited 1 branch of the dungeon, and saw 3 of its levels.

You collected 38 gold pieces.

Inventory:

Hand Weapons
 a - a +0 falchion of chaos (weapon)
Armour
 b - a +2 leather armour (worn)
Scrolls
 c - 2 scrolls of butterflies
 d - 2 scrolls of identify {unknown}
 f - a scroll of poison {unknown}
 h - 2 scrolls of teleportation {unknown}
 i - a scroll of fog {unknown}
 l - a scroll of blinking {unknown}
 m - a scroll of amnesia {unknown}
 p - a scroll of immolation {unknown}
Potions
 e - a potion of curing {unknown}
 g - a potion of attraction {unknown}
 j - a potion of mutation {unknown}
 k - 2 potions of degeneration {unknown}
 n - a potion of brilliance {unknown}
 o - a potion of haste {unknown}


   Skills:
 + Level 3.2 Fighting
 + Level 3.2 Long Blades
 + Level 2.5 Armour
 + Level 2.5 Dodging
 * Level 0.7 Spellcasting
 * Level 0.7 Conjurations
 * Level 0.7 Hexes
 * Level 0.7 Summonings
 * Level 0.7 Necromancy
 * Level 0.7 Translocations
 * Level 0.7 Fire Magic
 * Level 0.7 Ice Magic
 * Level 0.7 Air Magic
 * Level 0.7 Earth Magic
 * Level 0.7 Alchemy


You knew the following spells:

 Your Spells              Type           Power      Damage    Failure   Level
a - Apportation           Tloc           2%         N/A       21%         1
Your spell library was empty.

Dungeon Overview and Level Annotations

Branches:
Dungeon (2/15)

Altars:

Shops:
D:4 *


Innate Abilities, Weirdness & Mutations

You are immune to sickness and miasma.
You are immune to poison.
Your flesh is very heat resistant. (rF++)
You are very vulnerable to cold. (rC--)
You float through the air rather than walking.
You learn spells naturally, not from books.
Your magical power is your life essence.
You have superior vitality. (+4 MHP)
You have a beak for a mouth.
You are partially covered in iridescent scales. (AC +2)
You are strong-willed. (Will+)
A frigid envelope surrounds you and freezes all who hurt you.
Your spells are easier to cast, but less powerful.
You expend health (3 HP) to strengthen your wands.


Message History

Unknown command.
You barely miss the orc.
The orc is lightly wounded.
The orc closely misses you. x3
Unknown command.
You slash the orc!
You kill the orc!
The gnoll misses you. The orc closely misses you.
Unknown command.
You hit the gnoll.
The gnoll is moderately wounded.
The gnoll closely misses you.
The orc throws a stone.
The stone misses you. The orc hits you with a +0 club.
The orc resists.
The orc is very cold.
The orc is moderately wounded.
The orc barely misses you.
Unknown command.
You hit the gnoll but do no damage.
The gnoll is moderately wounded. "Have a taste of chaos, mortal."
The gnoll's +0 flail erupts in a glittering mayhem of colour.
The gnoll barely misses you.
A kobold comes into view. It is wielding a +0 short sword.
The orc barely misses you. The orc closely misses you.
The orc hits you with a +0 war axe!
The orc is very cold.
You kill the orc!
The orc hits you with a +0 club.
The orc resists.
The orc is very cold.
The orc is severely wounded.
The gnoll hits you with a +0 flail of chaos!
* * * LOW HITPOINT WARNING * * *
You are confused.
The gnoll is very cold.
The gnoll is almost dead.
The orc hits you but does no damage.
Unknown command.
The orc hits you but does no damage.
The orc resists.
The orc is very cold.
You kill the orc!
The orc attacks as it pursues you! The orc hits you but does no damage.
The gnoll attacks as it pursues you! The gnoll hits you with a +0 flail!
You die...
Xom howls with laughter!

#.#..###..###..# ......
#......##......#####......
##..##....................
.##.......###.........K...
##.........###.##.........
#.........##.###.go......
###.....(.#.....)g).....#
##..........##..#....##
#....###.###@g.# ...#
##.... ##.#.........#
.......##.... ....∩....#
.. #.........# .
#....##.#.. #.... ..#...
#.... ....#.


You could see 3 gnolls, an orc and a kobold.

Vanquished Creatures
  3 gnolls (D:4)
  3 adders (D:2)
  3 orcs (D:4)
  5 ball pythons
  3 bats
  3 endoplasms
  4 hobgoblins
  A quokka (D:1)
  2 kobolds
27 creatures vanquished.

Notes
Turn   | Place    | Note
-------+----------+-------------------------------------------
     0 | D:1      | Xavori the Djinni Chaos Knight began the quest for the Orb.
     0 | D:1      | Reached XP level 1. HP: 20/20 MP: 0/0
   137 | D:1      | XOM: divination: magic mapping
   214 | D:1      | Reached XP level 2. HP: 25/25 MP: 0/0
   231 | D:1      | XOM: divination: detect items
   449 | D:1      | XOM: silly message
   734 | D:1      | XOM: silly message
   765 | D:1      | XOM: cloud trail
   908 | D:1      | XOM: summons 2 hostile shadow creatures
   990 | D:1      | XOM: silly message
  1368 | D:1      | XOM: silly message
  1471 | D:1      | XOM: noise
  2011 | D:1      | XOM: divination: detect items
  2091 | D:1      | XOM: silly message
  2227 | D:1      | XOM: god gift: scroll of butterflies
  2311 | D:1      | XOM: summons 2 hostile demons
  2538 | D:1      | XOM: give mutations
  2538 | D:1      | Gained mutation: You are frail. (-10% HP) [Xom's mischief]
  2538 | D:1      | Lost mutation: You are frail. (-10% HP) [Xom's mischief]
  2538 | D:1      | Gained mutation: You have hidden genetic potential. [Xom's
                  | mischief]
  2755 | D:1      | XOM: torment (14/25 hp)
  2852 | D:1      | XOM: draining
  3742 | D:1      | XOM: silly message
  4332 | D:1      | XOM: give mutations
  4332 | D:1      | Gained mutation: Your mind is acute. (Int +4, Str/Dex -1)
                  | [Xom's mischief]
  4332 | D:1      | Gained mutation: Your spells are a little easier to cast,
                  | but a little less powerful. [Xom's mischief]
  4332 | D:1      | Gained mutation: You are weak. (Str -2) [Xom's mischief]
  4486 | D:1      | XOM: give mutations
  4486 | D:1      | Lost mutation: You are weak. (Str -2) [Xom's mischief]
  4486 | D:1      | Gained mutation: Your spells are easier to cast, but less
                  | powerful. [Xom's mischief]
  4498 | D:1      | XOM: summons 1 hostile demon
  4509 | D:2      | XOM: 1-stop teleportation journey
  4541 | D:2      | Reached XP level 3. HP: 27/30 MP: 0/0
  4541 | D:2      | Learned a level 1 spell: Apportation
  4585 | D:2      | Gained mutation: You are strong-willed. (Will+) [hidden
                  | potential]
  4699 | D:1      | XOM: give mutations
  4699 | D:1      | Gained mutation: You are highly strong-willed. (Will++)
                  | [Xom's grace]
  4699 | D:1      | Gained mutation: You are extremely strong-willed. (Will+++)
                  | [Xom's grace]
  4699 | D:1      | Gained mutation: You have very sharp teeth. [Xom's grace]
  4699 | D:1      | Gained mutation: You expend health (3 HP) to strengthen
                  | your wands. [Xom's grace]
  4738 | D:2      | Found a faded altar of an unknown god.
  4795 | D:2      | XOM: noise
  4850 | D:2      | XOM: give mutations
  4850 | D:2      | Lost mutation: You are extremely strong-willed. (Will+++)
                  | [Xom's mischief]
  4850 | D:2      | Lost mutation: Your mind is acute. (Int +4, Str/Dex -1)
                  | [Xom's mischief]
  4850 | D:2      | Gained mutation: Your health recovers twice as slowly from
                  | being drained. [Xom's mischief]
  4850 | D:2      | Lost mutation: You have hidden genetic potential. [Xom's
                  | mischief]
  4972 | D:1      | XOM: give mutations
  4972 | D:1      | Gained mutation: You are very vulnerable to cold. (rC--)
                  | [Xom's mischief]
  4972 | D:1      | Gained mutation: You are frail. (-10% HP) [Xom's mischief]
  5133 | D:1      | XOM: silly message
  6213 | D:1      | XOM: give mutations
  6213 | D:1      | Lost mutation: You expend health (3 HP) to strengthen your
                  | wands. [Xom's mischief]
  6213 | D:1      | Gained mutation: You are occasionally teleported next to
                  | monsters. [Xom's mischief]
  6595 | D:1      | XOM: give mutations
  6595 | D:1      | Lost mutation: You are occasionally teleported next to
                  | monsters. [Xom's mischief]
  6595 | D:1      | Lost mutation: You are frail. (-10% HP) [Xom's mischief]
  6595 | D:1      | Gained mutation: You are frail. (-10% HP) [Xom's mischief]
  6595 | D:1      | Gained mutation: You have extremely sharp teeth. [Xom's
                  | mischief]
  6964 | D:1      | XOM: silly message
  7075 | D:1      | XOM is BORED!
  7075 | D:1      | XOM: give mutations
  7075 | D:1      | Gained mutation: A frigid envelope surrounds you and
                  | freezes all who hurt you. [Xom's mischief]
  7075 | D:1      | Lost mutation: You are frail. (-10% HP) [Xom's mischief]
  7075 | D:1      | Lost mutation: Your health recovers twice as slowly from
                  | being drained. [Xom's mischief]
  7075 | D:1      | Lost mutation: You have extremely sharp teeth. [Xom's
                  | mischief]
  7382 | D:1      | XOM: give mutations
  7382 | D:1      | Gained mutation: You expend health (3 HP) to strengthen
                  | your wands. [Xom's mischief]
  7382 | D:1      | Gained mutation: You are partially covered in iridescent
                  | scales. (AC +2) [Xom's mischief]
  7382 | D:1      | Lost mutation: You are highly strong-willed. (Will++)
                  | [Xom's mischief]
  7382 | D:1      | Lost mutation: You have very sharp teeth. [Xom's mischief]
  7382 | D:1      | Gained mutation: You have a beak for a mouth. [Xom's
                  | mischief]
  7528 | D:2      | You are sucked into a shaft and drop 2 floors!
  7574 | D:4      | Reached XP level 4. HP: 35/35 MP: 0/0
  7649 | D:4      | Found Umyt's Assorted Antiques.
  7657 | D:4      | XOM: chaos upgrade
  7659 | D:4      | Slain by a gnoll

Illustrated notes

Levels and vault maps discovered:
D:1:      ncdulo_lavacross, layout_basic
D:2:      layout_basic, hellmonk_ecumenical_altar_pennies_from_heaven,
          st_stairs_1, serial_bayou_ford_a
D:4:      dreamdust_elfheim, layout_cave_pools,
          mainiacjoe_overflow_tiny_flanked, kennysheep_mini_moat, serial_shops,
          shop

Skill      XL: |  1  2  3 |
---------------+----------+-----
Long Blades    | 3 |  3.2
Armour         | 2 |  2.5
Fighting       | |  3.2
Dodging        | |  2.5
Spellcasting   | |  0.7
Conjurations   | |  0.7
Hexes          | |  0.7
Summonings     | |  0.7
Necromancy     | |  0.7
Translocations | |  0.7
Fire Magic     | |  0.7
Ice Magic      | |  0.7
Air Magic      | |  0.7
Earth Magic    | |  0.7
Alchemy        | |  0.7

Action                     |  1- 3 |  4- 6 || total
---------------------------+-------+-------++-------
  Melee: Falchion          |    69 |    14 ||    83
         Peck              |     1 |     3 ||     4
         Bite              |     1 |       ||     1
   Stab: Confused          |     1 |       ||     1
 Armour: Leather armour    |    37 |    13 ||    50
  Dodge: Dodged            |    56 |    24 ||    80
